 Dungeon Crawl Stone Soup version 0.31.0-32-g396128a36d (webtiles) character file.

Game seed: 16272556948322539619

33 NotreDorf the Magician (level 3, -4/24 HPs)
             Began as a Mummy Hedge Wizard on Mar 18, 2024.
             Slain by a cerulean imp
             ... wielding a +1 spear
             ... summoned by Natasha
              (6 damage)
             ... on level 2 of the Dungeon.
             The game lasted 00:04:34 (1219 turns).

NotreDorf the Magician (Mummy Hedge Wizard)         Turns: 1219, Time: 00:04:35

Health: -4/24      AC:  2    Str: 13    XL:     3   Next: 12%
Magic:  5/9        EV: 12    Int: 15    God:
Gold:   34         SH:  0    Dex: 11    Spells: 5/11 levels left

rFire   x . .        e - +0 spear
rCold   + . .        (no shield)
rNeg    + + +        b - +0 robe
rPois   ∞            c - +0 hat
rElec   .            (no cloak)
rCorr   .            (no gloves)
SInv    .            (no boots)
Will    .....        (no amulet)
Stlth   ++           (no ring)
HPRegen 0.24/turn    (no ring)
MPRegen 0.11/turn

%: faith
@: no status effects
A: cold resistance 1, negative energy resistance 3, torment resistance 2, heat
vulnerability 1, in touch with death 1, no potions, faith
a: no special abilities


You were on level 2 of the Dungeon.
You visited 1 branch of the dungeon, and saw 2 of its levels.

You collected 34 gold pieces.

Inventory:

Hand Weapons
 a - a +0 dagger
 e - a +0 spear (weapon)
Armour
 b - a +0 robe (worn)
 c - a +0 hat (worn)
Scrolls
 d - a scroll of identify {unknown}
 f - 2 scrolls of fear {unknown}
 g - a scroll of amnesia {unknown}
 h - a scroll of enchant armour {unknown}


   Skills:
 - Level 1.5 Dodging
 - Level 1.5 Stealth
 + Level 4.8 Spellcasting
 - Level 0.7 Conjurations
 + Level 1.8 Summonings
 - Level 0.7 Translocations


You had 5 spell levels left.
You knew the following spells:

 Your Spells              Type           Power      Damage    Failure   Level
a - Magic Dart            Conj           20%        1d4       12%         1
b - Blink                 Tloc           10%        N/A       19%         2
c - Mephitic Cloud        Conj/Alch/Air  4%         N/A       41%         3

Your spell library contained the following spells:

 Spells                   Type           Power      Damage    Failure   Level
 Call Imp                 Summ           18%        N/A       12%         2
 Slow                     Hex            12%        N/A       17%         1
 Cigotuvi's Dreadful Rot  Necr/Alch/Air  10%        N/A       26%         2


Dungeon Overview and Level Annotations

Branches:
Dungeon (2/15)

Altars:

Annotations:
D:2 Natasha


Innate Abilities, Weirdness & Mutations

You are immune to poison.
Your flesh is cold resistant. (rC+)
You are immune to negative energy. (rN+++)
You are immune to unholy pain and torment.
You are vulnerable to heat. (rF-)
You are in touch with the powers of death.
You do not drink.
You have a special connection with the divine. (Faith)


Message History

Casting: Magic Dart (safe; 12% risk of failure)
Confirm with . or Enter, or press ? or * to list all spells.
Aiming: Mephitic Cloud (astonishingly dangerous; 41% risk of failure)
Press: ? - help, Shift-Dir - straight line, f/p - Natasha
Aim: Natasha (lightly wounded, chance to affect: 86%)
The ball explodes into a vile cloud!
The stinking cloud engulfs Natasha.
Natasha is lightly wounded.
The stinking cloud engulfs the cerulean imp.
The stinking cloud engulfs you.
You hear an angry hiss.
Natasha is engulfed in noxious fumes.
Natasha appears confused.
Natasha barely misses you.
The cerulean imp hits you from afar with a +1 spear.
You hit Natasha.
Natasha is heavily wounded.
Natasha claws you.
* * * LOW HITPOINT WARNING * * *
The cerulean imp hits you from afar with a +1 spear.
* * * LOW HITPOINT WARNING * * *
You hit Natasha.
Natasha is severely wounded.
The cerulean imp closely misses you.
You are too injured to fight recklessly!
You aren't carrying any items that you can evoke.
A ball python comes into view.
Found a club and 9 gold pieces.
The cerulean imp barely misses you.
Reach: e) +0 spear
Press: ? - help, Dir - move target, f/p - Natasha
Aim: Natasha (heavily wounded, confused, about 27% to evade your +0 spear)
You reach to attack!
You hit Natasha.
Natasha is almost dead.
The cerulean imp hits you from afar with a +1 spear.
* * * LOW HITPOINT WARNING * * *
Reach: e) +0 spear
Press: ? - help, Dir - move target, f/p - Natasha
Aim: Natasha (almost dead, confused, about 27% to evade your +0 spear)
You reach to attack!
You hit Natasha but do no damage.
Natasha is almost dead.
The cerulean imp hits you from afar with a +1 spear.
You die...

.....$. ## ....
.. .# .......
?# ..... S#.#
....>....###
#..).#h...
#.......# ##
#)...#@#+#.####
#.5°☼........
#..##....###
### #....+
###....# ##
#....(.# .#
#.#....# ..
#.#....# .#
#.#....####


You could see Natasha (confused), a cerulean imp (summoned) and a ball python.

Vanquished Creatures
  A dart slug (D:1)
  A ribbon worm (D:2)
  6 endoplasms
  2 giant cockroaches (D:1)
  3 goblins (D:1)
  2 quokkas (D:1)
  2 ball pythons (D:1)
  2 bats (D:1)
  3 kobolds (D:1)
  4 rats (D:1)
26 creatures vanquished.

Notes
Turn   | Place    | Note
-------+----------+-------------------------------------------
     0 | D:1      | NotreDorf the Mummy Hedge Wizard began the quest for the
                  | Orb.
     0 | D:1      | Reached XP level 1. HP: 13/13 MP: 5/5
     2 | D:1      | Noticed a demonspawn
     2 | D:1      | Noticed a felid
     4 | D:1      | Noticed a merfolk
     4 | D:1      | Noticed an oni
     6 | D:1      | Noticed an octopode
     8 | D:1      | Noticed an elf
    10 | D:1      | Noticed a gargoyle
    10 | D:1      | Noticed a demigod
    12 | D:1      | Noticed a vampire
    14 | D:1      | Noticed an armataur
    14 | D:1      | Noticed a vine stalker
    16 | D:1      | Noticed a formicid
    16 | D:1      | Noticed a troll
    18 | D:1      | Noticed a djinni
    18 | D:1      | Noticed a spriggan
    20 | D:1      | Noticed a minotaur
    20 | D:1      | Noticed a barachi
    22 | D:1      | Noticed a draconian
    22 | D:1      | Noticed a tengu
    24 | D:1      | Noticed a human
    24 | D:1      | Noticed a naga
    26 | D:1      | Noticed a ghoul
    66 | D:1      | Reached skill level 1 in Summonings
   342 | D:1      | Reached XP level 2. HP: 19/19 MP: 4/7
   915 | D:1      | Reached XP level 3. HP: 19/24 MP: 1/9
   919 | D:1      | Learned a level 2 spell: Blink
   923 | D:1      | Learned a level 3 spell: Mephitic Cloud
  1207 | D:2      | Noticed Natasha
  1219 | D:2      | Slain by a cerulean imp

Illustrated notes

Levels and vault maps discovered:
D:1:      kb_arrival_jail, layout_rooms, minmay_misc_feat_chi
D:2:      layout_basic, minmay_misc_feat_ornament, nrook_campfire,
          kennysheep_nub, minmay_quantized, uniq_crazy_yiuf_cottage,
          uniq_natasha

Skill      XL: |  1 |
---------------+----+-----
Summonings     | 1 |  1.8
Dodging        | |  1.5
Stealth        | |  1.5
Spellcasting   | |  4.8
Conjurations   | |  0.7
Translocations | |  0.7

Action                     || total
---------------------------++-------
  Melee: Dagger            ||    28
         Spear             ||    34
   Cast: Magic Dart        ||    61
         Mephitic Cloud    ||     1
 Armour: Robe              ||    34
  Dodge: Dodged            ||    38
